 Dungeon Crawl Stone Soup version 0.31.0-12-g77e489cdc1 (webtiles) character file.

Game seed: 6100206161945102584

3126 Gadfly the Insei (level 9, -6/69 HPs)
             Began as a Demonspawn Monk on Feb 12, 2024.
             Was an Initiate of Ru.
             Killed from afar by an acid dragon (33 damage)
             ... with a splash of acid
             ... on level 6 of the Dungeon.
             The game lasted 00:11:26 (7533 turns).

Gadfly the Insei (Demonspawn Monk)                  Turns: 7533, Time: 00:11:27

Health: -6/69      AC: -4    Str: 16    XL:     9   Next: 61%
Magic:  8/8        EV: 18    Int: 14    God:    Ru [......]
Gold:   351        SH:  5    Dex: 22    Spells: 4/8 levels left

rFire   + . .        b - +3 short sword (venom)
rCold   + . .        c - orb {light}
rNeg    . . .        m - +2 robe of the Harp {Int+4 Dex+4}
rPois   .            (helmet restricted)
rElec   .            p - scarf {rC+ rF+}
rCorr   .            (no gloves)
SInv    .            (no boots)
Will    .....        d - amulet of reflection
Stlth   +            (no ring)
HPRegen 0.31/turn    (no ring)
MPRegen 0.11/turn

%: reflection
@: corroded, glowing
A: claws 1, repulsion field 1, ignite blood 1, powered by death 1, antennae 1,
thin skeletal structure 1, low MP 1
a: Renounce Religion


You were on level 6 of the Dungeon.
You worshipped Ru.
Ru was noncommittal.
You visited 2 branches of the dungeon, and saw 8 of its levels.

You collected 351 gold pieces.

Inventory:

Hand Weapons
 b - a +3 short sword of venom (weapon)
 h - a +1 long sword of flaming
Armour
 c - an orb of light (worn)
 m - the +2 robe of the Harp (worn) {Int+4 Dex+4}
   (You found it on level 4 of the Dungeon)

   Int+4:     It affects your intelligence (+4).
   Dex+4:     It affects your dexterity (+4).
 p - a scarf of resistance (worn)
 q - a scarf of shadows
Jewellery
 d - an amulet of reflection (around neck)
Talismans
 a - a beast talisman
Wands
 f - a wand of charming (21) (quivered)
 n - a wand of roots (3)
Scrolls
 e - 4 scrolls of blinking
 i - 2 scrolls of torment
 o - a scroll of poison
 t - a scroll of butterflies
 u - a scroll of enchant weapon
Potions
 j - 2 potions of mutation
 k - a potion of might {unknown}
 r - a potion of invisibility {unknown}
 s - 3 potions of curing
 w - a potion of attraction {unknown}
Miscellaneous
 g - a phantom mirror (inert)


   Skills:
 * Level 5.7 Fighting
 * Level 6.0 Dodging
 * Level 6.5 Unarmed Combat
 + Level 5.8 Evocations
 * Level 5.5 Shapeshifting


You had 4 spell levels left.
You knew the following spells:

 Your Spells              Type           Power      Damage    Failure   Level
a - Blink                 Tloc           0%         N/A       41%         2
b - Call Imp              Summ           0%         N/A       41%         2

Your spell library contained the following spells:

 Spells                   Type           Power      Damage    Failure   Level
 Freeze                   Ice            0%         1d3       28%         1
 Sting                    Conj/Alch      0%         1d3       28%         1
 Lesser Beckoning         Tloc           0%         N/A       41%         2
 Mercury Vapours          Alch/Air       0%         N/A       41%         2
 Momentum Strike          Conj/Tloc      0%         3d8       41%         2
 Sublimation of Blood     Necr           0%         N/A       41%         2
 Frozen Ramparts          Ice            0%         1d1       65%         3
 Hailstorm                Conj/Ice       0%         3d5       65%         3
 Olgreb's Toxic Radiance  Alch           0%         N/A       96%         4
 Petrify                  Alch/Erth      0%         N/A       96%         4
 Irradiate                Conj/Alch      0%         3d11      100%        5
 Summon Hydra             Summ           0%         N/A       100%        7


Dungeon Overview and Level Annotations

Branches:
Dungeon (7/15)             Temple (1/1) D:6

Altars:
Ashenzari
Cheibriados
Dithmenos
Fedhas
Hepliaklqana
Kikubaaqudgha
Makhleb
Nemelex Xobeh
Ru
Sif Muna
Trog
Uskayaw
Vehumet
Wu Jian
Yredelemnul

Shops:
D:1 (


Innate Abilities, Weirdness & Mutations

You have sharp fingernails.
You are surrounded by a mild repulsion field. (EV +2)
Your demonic aura sometimes causes spilled blood to erupt in flames.
You regenerate a little health from kills.
You have a pair of small antennae on your head.
You have a somewhat thin skeletal structure. (Dex +2, Stealth+)
Your magical capacity is low. (-10% MP)


Message History

There is a stone staircase leading up, spattered with blood here.
The gnoll misses you.
You hit the gnoll.
The gnoll is poisoned.
The gnoll is moderately wounded.
The gnoll closely misses you.
You barely miss the gnoll.
The gnoll is moderately wounded.
The gnoll hits you with a +0 spear.
You hit the acid dragon.
The acid dragon is poisoned.
The acid dragon is lightly wounded.
The gnoll hits you with a +0 spear. The acid dragon spits acid at you.
The splash of acid hits you! The acid corrodes you!
You barely miss the acid dragon.
The acid dragon is lightly wounded.
The gnoll hits you with a +0 spear. The acid dragon bites you!
The acid dragon closely misses you.
You hit the acid dragon.
The acid dragon is moderately wounded.
The gnoll hits you with a +0 spear! The acid dragon spits acid at you.
The splash of acid hits you!!
* * * LOW HITPOINT WARNING * * *
The acid corrodes you!
You feel much better. The gnoll barely misses you.
The acid dragon misses you. x2
The gnoll misses you. The acid dragon barely misses you.
The acid dragon closely misses you.
There is a stone staircase leading up, spattered with blood here.
The gnoll hits you from afar with a +0 spear!
The acid dragon closely misses you. The acid dragon barely misses you.
You climb upwards.
There is a stone staircase leading down here.
Aiming: Phantom Mirror
Press: ? - help, Dir - move target, f - acid dragon
Aim: an acid dragon (lightly wounded, poisoned, haloed)
You reflect the acid dragon with the mirror!
The mirror clouds!
The acid dragon spits acid at you. The splash of acid hits you!!
You die...

.# ##.#########.# #.....## .#
##+## #.# #.....# .# ##...## #.#
#.....## .###.....## #.# ##....##
###.......######.###### ##...##
##.........##.........#######..##
.'.........'.....D.............##
##.........##.#[[D###.####.##..##
###.......###.##@[# #.# #.##..##
# ##.....## #.###)# #.# #.##.## #
##...## #.# #.# #.# #.##..##
##+## #.###.###.# #.#####. #.#
#....<....# #.# #.
###.##########.##### #.#####.
#..........# #.# #.......
#....#####.# #.# #######.
####....# #.###.# ##


You could see an acid dragon (poisoned, catching breath, ally target) and a
friendly acid dragon (summoned, poisoned, very drained).

Vanquished Creatures
  Sigmund (D:3)
  A water moccasin (D:6)
  4 ice beasts (D:6)
  2 sky beasts
  A black bear (D:5)
  3 ogres (D:6)
  A centaur (D:6)
  A phantom (D:6)
  A bullfrog (D:6)
  A gnoll sergeant (D:6)
  5 scorpions
  A wight (D:7)
  4 howler monkeys
  8 hounds
  3 jellies
  6 orc priests
  2 gnoll boudas
  2 sleepcaps (D:6)
  Ijyb (D:3)
  5 iguanas
  5 orc wizards
  15 gnolls
  11 adders
  A ribbon worm (D:5)
  4 dart slugs
  22 orcs
  8 endoplasms
  3 giant cockroaches
  7 hobgoblins
  3 jackals (D:2)
  3 quokkas (D:3)
  3 ball pythons
  4 bats
  2 frilled lizards (D:1)
  9 goblins
  5 kobolds
  3 rats
161 creatures vanquished.

Notes
Turn   | Place    | Note
-------+----------+-------------------------------------------
     0 | D:1      | Gadfly the Demonspawn Monk began the quest for the Orb.
     0 | D:1      | Reached XP level 1. HP: 18/18 MP: 1/1
   145 | D:1      | Gained mutation: You are surrounded by a mild repulsion
                  | field. (EV +2) [demonic ancestry]
   145 | D:1      | Reached XP level 2. HP: 21/24 MP: 2/2
   225 | D:1      | Found Cepsuuqu's Antique Weapon Shoppe.
   265 | D:1      | Found a faded altar of an unknown god.
   476 | D:2      | Reached skill level 1 in Evocations
   524 | D:2      | Gained mutation: You have sharp fingernails. [demonic
                  | ancestry]
   524 | D:2      | Reached XP level 3. HP: 22/29 MP: 3/3
   662 | D:2      | Reached skill level 1 in Shapeshifting
  1062 | D:3      | Noticed Sigmund
  1065 | D:3      | Gained mutation: You regenerate a little health from kills.
                  | [demonic ancestry]
  1065 | D:3      | Reached XP level 4. HP: 35/35 MP: 4/4
  1074 | D:3      | Killed Sigmund
  1075 | D:3      | Reached XP level 5. HP: 41/41 MP: 5/5
  1557 | D:3      | Reached XP level 6. HP: 47/47 MP: 6/6
  2004 | D:3      | Found a hide-covered altar of Uskayaw.
  2188 | D:3      | Noticed Ijyb
  2206 | D:3      | Killed Ijyb
  2348 | D:4      | Identified the +2 robe of the Harp {Int+4 Dex+4}
  2490 | D:4      | Reached XP level 7. HP: 52/52 MP: 7/7
  2740 | D:4      | Found a broken altar of Ashenzari.
  3217 | D:4      | Found a blossoming altar of Fedhas.
  3305 | D:4      | Learned a level 2 spell: Blink
  3308 | D:4      | Learned a level 2 spell: Call Imp
  3336 | D:5      | Entered Level 5 of the Dungeon
  3445 | D:5      | Reached skill level 5 in Unarmed Combat
  3490 | D:5      | Gained mutation: Your demonic aura sometimes causes spilled
                  | blood to erupt in flames. [demonic ancestry]
  3490 | D:5      | Reached XP level 8. HP: 51/60 MP: 8/8
  4495 | D:6      | Reached skill level 5 in Evocations
  4501 | D:6      | Found a sacrificial altar of Ru.
  4524 | D:6      | Became a worshipper of Ru the Awakened
  4600 | D:6      | Reached skill level 5 in Dodging
  5179 | D:6      | Reached XP level 9. HP: 58/67 MP: 9/9
  5295 | D:6      | Reached skill level 5 in Shapeshifting
  5524 | D:6      | Gained mutation: Your magical capacity is low. (-10% MP)
                  | [potion of mutation]
  5524 | D:6      | Gained mutation: You have a somewhat thin skeletal
                  | structure. (Dex +2, Stealth+) [potion of mutation]
  5524 | D:6      | Gained mutation: You have a pair of small antennae on your
                  | head. [potion of mutation]
  5692 | D:6      | Reached skill level 5 in Fighting
  5752 | D:6      | Found a staircase to the Ecumenical Temple.
  5885 | Temple   | Entered the Ecumenical Temple
  6947 | D:7      | Found an ancient bone altar of Kikubaaqudgha.
  7533 | D:6      | Killed from afar by an acid dragon

Illustrated notes

Levels and vault maps discovered:
D:1:      spicycebolla_arrival_clurvy, layout_rooms,
          shapermc_ecumenical_altar_hornbeckon, serial_shops,
          nicolae_shop_behind_doors, minmay_lizard_pond
D:2:      layout_rooms
D:3:      minmay_octagon_keep, layout_basic, nicolae_uskayaw_suspiria,
          uniq_ijyb, uniq_sigmund
D:4:      layout_basic, nicolae_overflow_crystal_walls, elyvilon_altar_4,
          mainiacjoe_overflow_chevrons
D:5:      layout_rooms
D:6:      layout_loops_corners, old_standard_altar, temple_doors_ab
D:7:      layout_gridville, minmay_ruined_shrine
Temple:   nicolae_temple_bog_church

Skill      XL: |  1  2  3  4  5  6  7  8  9 |
---------------+----------------------------+-----
Unarmed Combat | 3 4 5 6 |  6.5
Evocations     | 1 2 3 4 5 |  5.8
Dodging        | 3 4 5 6 |  6.0
Shapeshifting  | 1 2 3 4 5 |  5.5
Fighting       | 4 5 |  5.7

Action                     |  1- 3 |  4- 6 |  7- 9 || total
---------------------------+-------+-------+-------++-------
  Melee: Unarmed           |   108 |   151 |    58 ||   317
         Short sword       |       |       |   320 ||   320
 Invoke: Reject Sacrifices |       |       |     1 ||     1
Ability: Begin Untransform |       |       |     1 ||     1
  Evoke: Phantom mirror    |       |       |     1 ||     1
    Use: Scroll            |    10 |     1 |     7 ||    18
         Potion            |       |     1 |     7 ||     8
 Armour: Robe              |    41 |    67 |   216 ||   324
         Skin              |       |     3 |       ||     3
  Dodge: Dodged            |    85 |   105 |   388 ||   578
   Form: Beast             |     1 |       |       ||     1
